 Dungeon Crawl Stone Soup version 0.17.0-7-gfadd4cc (webtiles) character file.

200 Ijustatesigmund the Sneak (level 5, 0/31 HPs)
             Began as an Octopode Conjurer on Nov 8, 2015.
             Slain by an orc
             ... wielding a +0 dagger
              (1 damage)
             ... on level 4 of the Dungeon.
             The game lasted 00:10:24 (3101 turns).

Ijustatesigmund the Sneak (Octopode Conjurer)       Turns: 3101, Time: 00:10:25

Health: 0/31       AC:  3    Str:  7    XL:     5   Next: 79%
Magic:  7/8        EV: 12    Int: 18    God:
Gold:   44         SH:  0    Dex: 13    Spells: 3 memorised, 2 levels left

rFire  + . .     SeeInvis +     d - +1 dagger
rCold  . . .     Clarity  .     (no shield)
rNeg   . . .     SustAt   .     c - +2 hat
rPois  .         Gourm    .     (no amulet)
rElec  .         Spirit   .     e - ring of wizardry
rCorr  .         Warding  .     f - ring of protection from fire
rMut   .         Stasis   .     n - ring of see invisible
MR     .....                    (no ring)
Stlth  ++++......               (no ring)
                                (no ring)
                                (no ring)
                                (no ring)

@: not resistant to hostile enchantments, stealthy
A: almost no armour, amphibious, 8 rings, constrict 8, camouflage 1, gelatinous
body 1
a: no special abilities


You were on level 4 of the Dungeon.
You were not hungry.

You visited 1 branch of the dungeon, and saw 4 of its levels.

You collected 44 gold pieces.

Inventory:

Hand Weapons
 d - a +1 dagger (weapon)
Armour
 c - a +2 hat (worn)
Jewellery
 e - a ring of wizardry (left tentacle)
 f - a ring of protection from fire (right tentacle)
 n - a ring of see invisible (on tentacle)
Potions
 g - 2 potions of lignification
 j - a potion of brilliance {unknown}
 l - a potion of agility {unknown}
 m - a potion of ambrosia {unknown}
 q - a potion of degeneration {unknown}
Books
 a - a book of Conjurations

   Spells                             Type                      Level
   a - Magic Dart                     Conjuration                  1
   b - Searing Ray                    Conjuration                  2
   c - Dazzling Spray                 Conjuration/Hexes            3
   d - Fulminant Prism                Conjuration/Hexes            4
   e - Iskenderun's Mystic Blast      Conjuration                  4
   f - Iskenderun's Battlesphere      Conjuration/Charms           5
Comestibles
 b - 4 bread rations
 i - 3 meat rations


   Skills:
 + Level 2.0 Short Blades
 - Level 2.0 Dodging
 + Level 5.1 Stealth
 - Level 2.0 Spellcasting
 + Level 5.0 Conjurations
 + Level 2.0 Hexes


You had 2 spell levels left.
You knew the following spells:

 Your Spells              Type           Power        Failure   Level  Hunger
a - Magic Dart            Conj           ###.         1%          1    #......
b - Searing Ray           Conj           ###...       1%          2    ###....
c - Dazzling Spray        Conj/Hex       ##......     6%          3    ###....


Dungeon Overview and Level Annotations

Branches:
Dungeon (4/15)
 Temple: D:4-7

Altars:


Innate Abilities, Weirdness & Mutations

You cannot wear most types of armour.
You are amphibious.
You can wear up to eight rings at the same time.
You can use your tentacles to constrict eight enemies at once.
Your skin changes colour to match your surroundings (Stealth).
Your rubbery body absorbs attacks (AC +1).


Message History

The orc wizard hits you with a dagger.
* * * LOW HITPOINT WARNING * * *
The orc wizard casts a spell at you. The magic dart hits you!
* * * LOW HITPOINT WARNING * * *
You puncture the orc wizard!
You kill the orc wizard!
Your Short Blades skill increases to level 2!
Your Conjurations skill increases to level 5!
Your Hexes skill increases to level 2!
The orc wizard points at you and mumbles some strange words.
The puff of flame hits you! You resist.
* * * LOW HITPOINT WARNING * * *
Drink which item? (? for menu, Esc to quit)
It was a potion of cancellation.
Your magical effects are unravelling.
You feel magically purged.
Your resistance to elements expires.
You feel a little less mighty now. The orc hits you with a dagger.
You die... ######### #.oooo@o#

....####o#
# ....
....?#
........
##.....###
#.....#
###.###


You could see an orc wizard (invisible) and 5 orcs.

Vanquished Creatures
  An orc wizard (D:4)
  A giant frog skeleton (D:3)
  3 adders
  2 oozes
  5 worms
  2 giant geckos
  5 orcs
  2 ball pythons (D:2)
  8 giant cockroaches
  11 goblins
  11 hobgoblins
  2 quokkas
  4 bats
  5 giant newts
  10 kobolds
  9 rats
81 creatures vanquished.

Notes
Turn   | Place    | Note
--------------------------------------------------------------
     0 | D:1      | Ijustatesigmund the Octopode Conjurer began the quest for the Orb.
     0 | D:1      | Reached XP level 1. HP: 11/11 MP: 3/3
    85 | D:1      | Reached XP level 2. HP: 17/17 MP: 1/5
   133 | D:1      | Learned a level 2 spell: Searing Ray
   610 | D:1      | Reached XP level 3. HP: 21/21 MP: 2/6
   718 | D:1      | Learned a level 3 spell: Dazzling Spray
  1272 | D:2      | Reached skill level 1 in Hexes
  1274 | D:2      | Reached XP level 4. HP: 27/27 MP: 7/7
  1375 | D:2      | Reached skill level 1 in Short Blades
  2416 | D:3      | Reached XP level 5. HP: 20/31 MP: 1/8
  2932 | D:3      | Reached skill level 5 in Stealth
  3100 | D:4      | Reached skill level 5 in Conjurations
  3100 | D:4      | HP: 1/31 [orc wizard/puff of flame (2)]
  3101 | D:4      | Slain by an orc

Action                   |  1- 3 |  4- 6 || total
-------------------------+-------+-------++-------
Melee: Unarmed           |     6 |       ||     6
       Dagger            |    30 |    71 ||   101
 Cast: Magic Dart        |    49 |    33 ||    82
       Searing Ray       |       |     3 ||     3
       Dazzling Spray    |       |     2 ||     2
  Use: Scroll            |     2 |     7 ||     9
       Potion            |       |     3 ||     3
 Stab: Sleeping          |     9 |    15 ||    24
  Eat: Pizza             |     1 |       ||     1
       Chunk             |       |     7 ||     7
